 Dungeon Crawl Stone Soup version 0.17.1-3-g152610e (webtiles) character file.

102 macross the Sneak (level 4, 0/23 HPs)
             Began as a Spriggan Assassin on Apr 21, 2016.
             Slain by Shotgun's ghost (15 damage)
             ... on level 4 of the Dungeon.
             The game lasted 00:09:43 (2536 turns).

macross the Sneak (Spriggan Assassin)               Turns: 2536, Time: 00:09:44

Health: 0/23       AC:  7    Str:  7    XL:     4   Next: 50%
Magic:  5/5        EV: 17    Int: 13    God:
Gold:   132        SH:  0    Dex: 17    Spells: 0 memorised, 3 levels left

rFire  . . .     SeeInvis +     a - +2 dagger
rCold  . . .     Clarity  .     c - +0 robe
rNeg   . . .     SustAt   .     (shield restricted)
rPois  .         Gourm    .     (helmet restricted)
rElec  .         Spirit   .     d - +0 cloak
rCorr  .         Warding  .     (gloves unavailable)
rMut   .         Stasis   +     (boots unavailable)
MR     .....                    p - amulet of stasis
Stlth  ++++......               (no ring)
                                k - +4 ring of protection

@: very quick, not resistant to hostile enchantments, stealthy
A: unfitting armour, see invisible, herbivore 3, speed 3, slow metabolism 2
a: no special abilities


You were on level 4 of the Dungeon.
You were very full.

You visited 1 branch of the dungeon, and saw 4 of its levels.

You collected 132 gold pieces.

Inventory:

Hand Weapons
 a - a +2 dagger (weapon)
 b - a +0 blowgun
Missiles
 e - 5 poisoned needles (quivered)
 f - 2 curare-tipped needles
Armour
 c - a +0 robe (worn)
 d - a +0 cloak (worn)
 n - a +0 robe
 u - a +0 pair of gloves
Magical Staves
 g - a cursed staff of air {unknown}
Jewellery
 k - a +4 ring of protection (left hand)
 p - an amulet of stasis (around neck)
Wands
 o - a wand of frost (24)
Scrolls
 i - a scroll of noise {unknown}
 j - a scroll of immolation
 l - 2 scrolls of magic mapping {unknown}
 q - a scroll of blinking {unknown}
Potions
 h - 3 potions of haste
 m - 2 potions of lignification
 r - a potion of curing {unknown}
 s - a potion of heal wounds {unknown}
 t - a potion of invisibility {unknown}
 v - a potion of flight {unknown}


   Skills:
 + Level 1.7 Fighting
 + Level 2.8 Short Blades
 + Level 2.8 Throwing
 + Level 2.3 Dodging
 + Level 7.6 Stealth


You had 3 spell levels left.
You didn't know any spells.

Dungeon Overview and Level Annotations

Branches:
Dungeon (4/15)
 Temple: D:4-7

Altars:
Kikubaaqudgha
Qazlal
Trog

Annotations:
D:4 Shotgun's ghost, novice DsFi


Innate Abilities, Weirdness & Mutations

You are tiny and cannot use many weapons and most armour.
You have supernaturally acute eyesight.
You are a herbivore.
You cover ground extremely quickly.
You need consume almost no food.


Message History

You see here a curved smoking staff.
g - a curved smoking staff You open the door.
As you open the door, it creaks loudly!
There is an open door here.
You hear the slow hiss of a distant avalanche of sand.
Found a stone staircase leading down.
Found a scroll labeled HOTTIO XUTRAOH.
You open the door.
There is an open door here.
Shotgun's ghost (novice Demonspawn Fighter) comes into view.
There is an open door here.
You completely miss Shotgun's ghost. Shotgun's ghost hits you!
You hit Shotgun's ghost but do no damage.
Shotgun's ghost closely misses you.
You hit Shotgun's ghost but do no damage.
Shotgun's ghost barely misses you. Shotgun's ghost hits you!
Ouch! That really hurt!
You die...

###########
#.....#...#
#.....#...# ..
#.....#...###+
...#.....'.......
...#....W#.......
...'....@#...##..
...#.....##### ..
#.....## ## .
#.....'# ##8 #8##
### #.....###8.?
...8##..
#......##...
....##..
#......#>...
...._#..
#.....###...
)...##..
#......##8.. #..


You could see Shotgun's ghost.

Vanquished Creatures
  Jessica (D:2)
  4 adders
  An ooze (D:2)
  2 worms (D:2)
  3 bats
  2 giant cockroaches (D:2)
  3 hobgoblins
  2 jackals (D:1)
  2 kobolds
  2 quokkas
  2 giant geckos
  2 giant newts (D:1)
  4 goblins
  3 rats
33 creatures vanquished.

Notes
Turn   | Place    | Note
--------------------------------------------------------------
     0 | D:1      | macross the Spriggan Assassin began the quest for the Orb.
     0 | D:1      | Reached XP level 1. HP: 10/10 MP: 2/2
    51 | D:1      | Reached skill level 6 in Stealth
   395 | D:1      | Reached XP level 2. HP: 7/14 MP: 3/3
  1096 | D:2      | Found a bloodstained altar of Trog.
  1105 | D:2      | Noticed Jessica
  1116 | D:2      | Killed Jessica
  1116 | D:2      | Reached skill level 7 in Stealth
  1116 | D:2      | Reached XP level 3. HP: 18/18 MP: 4/4
  1449 | D:2      | Reached XP level 4. HP: 23/23 MP: 5/5
  2430 | D:4      | Found an ancient bone altar of Kikubaaqudgha.
  2453 | D:4      | Found a stormy altar of Qazlal.
  2524 | D:4      | Noticed Shotgun's ghost (novice DsFi)
  2536 | D:4      | Slain by Shotgun's ghost

Action                   |  1- 3 |  4- 6 || total
-------------------------+-------+-------++-------
Melee: Dagger            |    69 |    40 ||   109
 Fire: Blowgun           |    21 |     3 ||    24
  Use: Scroll            |     3 |       ||     3
 Stab: Sleeping          |     8 |     1 ||     9
       Distracted        |     1 |       ||     1
  Eat: Bread ration      |       |     1 ||     1
